 Dungeon Crawl Stone Soup version 0.24.0-123-gd5b16e6ec5 (webtiles) character file.

Game seed: 10966322462052282199, levelgen mode: deterministic

143201 Johnny the Earth Mage (level 16, -1/105 HPs)
             Began as a Demigod Earth Elementalist on Jan 31, 2020.
             Slain by a fire elemental (14 damage)
             ... summoned by a deep elf mage
             ... on level 1 of the Elven Halls.
             The game lasted 00:52:10 (29632 turns).

Johnny the Earth Mage (Demigod Earth Elementalist) Turns: 29632, Time: 00:52:11

Health: -1/105     AC: 17    Str: 11    XL:     16   Next: 30%
Magic:  46/49      EV:  5    Int: 36    God:
Gold:   1944       SH: 14    Dex: 16    Spells: 25/44 levels left

rFire    . . .     SeeInvis .   T - staff of energy
rCold    + . .     Gourm    .   Z - +1 shield {rC+}
rNeg     . . .     Faith    .   g - +0 storm dragon scales
rPois    .         Spirit   .   A - +2 helmet {Int+3}
rElec    +         Reflect  .   L - +0 cloak
rCorr    .         Harm     +   G - +2 pair of gloves
MR       +....                  (no boots)
Stlth    ..........             D - amulet of harm
HPRegen  0.27/turn              E - +4 ring of intelligence
MPRegen  0.31/turn              i - ring of magical power

@: no status effects
A: high mp 1
a: no special abilities


You were on level 1 of the Elven Halls.
You were hungry.

You visited 4 branches of the dungeon, and saw 24 of its levels.
You also visited: Gauntlet and Ice Cave.

You collected 2287 gold pieces.
You spent 343 gold pieces at shops.

Inventory:

Hand Weapons
 U - the +7 great sword "Kyenwa Xidu" {elec, rF+ MR+}
   (You found it on level 6 of the Lair of Beasts)

   Occasionally, upon striking a foe, it will discharge some electrical energy
   and cause terrible harm.
   It protects you from fire.
   It affects your resistance to hostile enchantments.
Missiles
 v - 103 stones (quivered)
Armour
 g - +0 storm dragon scales (worn)
 z - a +4 troll leather armour {Snorg}
 A - a +2 helmet of intelligence (worn)
 G - a +2 pair of gloves (worn)
 L - a +0 cloak (worn)
 W - a +2 buckler of protection
 Z - a +1 shield of cold resistance (worn)
Magical Staves
 T - an uncursed staff of energy (weapon)
Jewellery
 i - a ring of magical power (right hand)
 w - an uncursed ring of positive energy
 D - an amulet of harm (around neck)
 E - a +4 ring of intelligence (left hand)
 J - an uncursed ring of protection from fire
 M - the amulet "Uti Quuc" {RegenMP Str+3}
   (You found it on level 6 of the Lair of Beasts)

   [amulet of magic regeneration]

   It increases your magic regeneration.
   It affects your strength (+3).
Wands
 l - a wand of clouds (3)
 y - a wand of digging (1)
 K - a wand of polymorph (13)
 R - a wand of iceblast (4)
 S - a wand of flame (21)
Scrolls
 e - 2 scrolls of magic mapping
 h - 2 scrolls of fog
 m - 4 scrolls of fear
 p - 2 scrolls of silence
 r - 12 scrolls of teleportation
 t - a scroll of noise
 x - 3 scrolls of enchant armour
 I - 2 scrolls of amnesia
 P - a scroll of torment
 Q - a scroll of brand weapon {unknown}
 X - a scroll of remove curse
Potions
 a - a potion of mutation
 b - a potion of cancellation
 c - 3 potions of might
 f - a potion of magic
 j - 3 potions of haste
 k - 4 potions of flight
 n - 2 potions of agility
 o - 10 potions of lignification
 q - 5 potions of brilliance
 s - 10 potions of curing
 u - 2 potions of invisibility
 C - 6 potions of heal wounds
 F - 4 potions of ambrosia
 N - 6 potions of resistance
Miscellaneous
 B - a box of beasts
 H - a lightning rod (4/4)
 V - a lamp of fire
Comestibles
 d - 43 rations


   Skills:
 - Level 1.7 Dodging
 - Level 1.7 Stealth
 + Level 15.7 Shields
 + Level 14.8 Spellcasting
 - Level 0.8 Transmutations
 + Level 16.0 Earth Magic


You had 25 spell levels left.
You knew the following spells:

 Your Spells              Type           Power        Failure   Level  Hunger
a - Sandblast             Erth           ######       1%          1    None
b - Stone Arrow           Conj/Erth      ######       10%         3    None
c - Lee's Rapid Deconstr  Erth           #######...   3%          5    None
d - Petrify               Tmut/Erth      ######..     26%         4    None
e - Iron Shot             Conj/Erth      ######....   99%         6    None

Your spell library contained the following spells:

 Spells                   Type           Power        Failure   Level  Hunger
 Passwall                 Tmut/Erth      ######..     4%          2    None
 Shock                    Conj/Air       ####         65%         1    None
 Poisonous Vapours        Pois/Air       ####..       80%         2    None
 Swiftness                Chrm/Air       ####....     80%         2    None
 Conjure Flame            Conj/Fire      ####....     95%         3    None
 Mephitic Cloud           Conj/Pois/Air  ####....     95%         3    None
 Static Discharge         Conj/Air       ####....     95%         3    None
 Bolt of Magma            Conj/Fire/Erth ######....   95%         5    None
 Airstrike                Air            ####......   100%        4    None
 Ice Form                 Ice/Tmut       ####....     100%        4    None
 Iskenderun's Battlesphe  Conj/Chrm      ####....     100%        5    None
 Lightning Bolt           Conj/Air       ####......   100%        5    None
 Metabolic Englaciation   Hex/Ice        ####......   100%        5    None
 Venom Bolt               Conj/Pois      ####......   100%        5    None
 Bolt of Cold             Conj/Ice       ####......   100%        6    None
 Freezing Cloud           Conj/Ice/Air   ####......   100%        6    None
 Ozocubu's Refrigeration  Ice            ####......   100%        6    None
 Simulacrum               Ice/Necr       ####......   100%        6    None
 Orb of Destruction       Conj           ####......   100%        7    None
 Ring of Flames           Chrm/Fire      ####......   100%        7    None
 Spellforged Servitor     Conj/Summ      ####......   100%        7    None


Dungeon Overview and Level Annotations

Branches:
Dungeon (15/15)            Temple (0/1) D:5            Lair (6/6) D:10
 Shoals (0/4) Lair:4       Spider (0/4) Lair:4        Slime (0/5) Lair:5
    Orc (2/2) D:9             Elf (1/3) Orc:2        Vaults (0/5) D:14
 Depths (0/5) D:15          IceCv (visited)         Gauntlet (visited)

Shops:
D:5 *   D:7 (![}   D:8 %[:   D:14 }   Orc:2 !%}%

Portals:
Trove: D:13 (give 2 scrolls of acquirement)


Innate Abilities, Weirdness & Mutations

You have an increased reservoir of magic. (+10% MP)


Message History

The fire elemental hits you. The fire elemental burns you!
* * * LOW HITPOINT WARNING * * *
Unknown command.
Okay, then.
You feel much better. The fire elemental hits you.
The fire elemental burns you!
* * * LOW HITPOINT WARNING * * *
The fire elemental hits you. The fire elemental burns you!
* * * LOW HITPOINT WARNING * * *
The deep elf mage casts a spell.
The deep elf mage blinks!
The fire elemental barely misses you.
Unknown command.
Unknown command.
You feel much better. The fire elemental hits you.
The fire elemental burns you!
* * * LOW HITPOINT WARNING * * *
The fire elemental hits you. The fire elemental burns you!
* * * LOW HITPOINT WARNING * * *
The fire elemental hits you. The fire elemental burns you!
You die...

#######.##..##.).. #.
........###..#.##.
#.########.####.)..## #.#
#....###.... # #######'###
#.#### ###.. ..#.........##
#)# ## .............## #.# #
..........○E..####.#######.
.
......).e○.E@..'............
........(..E..#############
........○....##
......°.....## ...........##
############


You could see a deep elf mage, 3 fire elementals and a +2 battleaxe of
electrocution.

Vanquished Creatures
  Donald (Elf:1)
  A storm dragon (D:15)
  A tengu reaver (D:15)
  Roxanne (D:14)
  A frost giant (IceCv)
  A stone giant (Orc:2)
  An entropy weaver (Gauntlet)
  A minotaur (Gauntlet)
  Josephine (D:15)
  A great orb of eyes (Gauntlet)
  4 vault guards
  6 hydras
  4 centaur warriors
  A merfolk avatar (Lair:6)
  12 two-headed ogres
  9 dancing weapons (Elf:1)
  3 death yaks (Lair:6)
  A tengu warrior (D:12)
  3 ogre magi
  5 orc high priests (Orc:2)
  3 deep elf knights (Elf:1)
  A sea snake (Lair:6)
  3 unseen horrors (D:15)
  A deep elf archer (Elf:1)
  7 orc knights
  2 harpies (Lair:6)
  3 oklob plants (Lair:2)
  A wolf spider (Gauntlet)
  2 necromancers (D:14)
  4 wizards
  8 ugly things
  31 deep elf magi
  8 orc sorcerers (Orc:2)
  2 cyclopes
  4 manticores
  4 slime creatures
  A salamander (shapeshifter) (D:14)
  A manticore (shapeshifter) (D:15)
  A naga mage (D:15)
  4 black mambas
  Joseph (Lair:1)
  An ice statue (IceCv)
  Maurice (D:11)
  A centaur zombie (D:14)
  7 elephants (Lair:6)
  A gargoyle (D:12)
  17 spiny frogs
  6 rime drakes (Lair:6)
  A tengu conjurer (D:12)
  11 komodo dragons
  5 meliai (D:14)
  2 wind drakes (Lair:6)
  6 trolls
  A hornet (Lair:6)
  Grinder (D:5)
  21 polar bears
  Prince Ribbit (D:4)
  11 blink frogs
  7 hippogriffs
  15 flying skulls (D:12)
  A spriggan (Lair:3)
  2 water elementals
  Sigmund (D:5)
  2 redbacks (Gauntlet)
  4 hogs
  4 wraiths (D:15)
  4 wyverns
  57 yaks
  5 basilisks
  24 humans
  2 hungry ghosts
  A steam dragon (D:10)
  Menkaure (D:6)
  13 vampire mosquitoes
  6 wargs
  12 water moccasins
  11 porcupines
  9 ice beasts
  30 orc warriors
  3 phantoms
  3 sky beasts
  14 ogres
  An eye of draining (D:14)
  A necrophage (D:10)
  17 centaurs
  39 wolves
  19 crocodiles
  5 big kobolds
  16 bullfrogs
  An earth elemental (Elf:1)
  2 scorpions
  A wyvern skeleton (D:12)
  20 wights
  2 howler monkeys
  10 electric eels
  5 crimson imps
  2 bullfrog zombies
  6 jellies
  2 quasits
  13 hounds
  2 bullfrog skeletons
  18 orc priests
  A gnoll shaman (D:9)
  2 centaur skeletons
  Jessica (D:2)
  4 iguanas
  7 worker ants
  35 orc wizards
  A killer bee zombie (D:4)
  A hound skeleton (D:8)
  3 gnolls (D:9)
  9 adders
  7 shadow imps
  An ooze (D:1)
  2 adder zombies
  2 adder skeletons
  2 worms (D:2)
  5 dart slugs
  5 leopard geckos
  102 orcs
  3 giant cockroaches
  5 goblins
  11 hobgoblins
  9 jackals
  4 quokkas
  A ball python (D:1)
  5 bats
  4 frilled lizards
  24 kobolds
  10 rats
  A demonic plant (Gauntlet)
  7 plants
931 creatures vanquished.

Vanquished Creatures (collateral kills)
  Snorg (D:11)
1 creature vanquished.

Vanquished Creatures (others)
  An orc priest (Orc:2)
  An orc (Orc:2)
  12 demonic plants (Gauntlet)
  8 fungi (Lair:6)
  15 plants
37 creatures vanquished.

Grand Total: 969 creatures vanquished

Notes
Turn   | Place    | Note
-------+----------+-------------------------------------------
     0 | D:1      | Johnny the Demigod Earth Elementalist began the quest for
                  | the Orb.
     0 | D:1      | Reached XP level 1. HP: 14/14 MP: 5/5
   242 | D:1      | Reached skill level 3 in Earth Magic
   278 | D:1      | Reached XP level 2. HP: 15/20 MP: 2/7
   904 | D:1      | Reached XP level 3. HP: 25/26 MP: 5/9
  1619 | D:2      | Noticed Jessica
  1631 | D:2      | Killed Jessica
  1631 | D:2      | Reached skill level 1 in Shields
  1631 | D:2      | Reached XP level 4. HP: 20/33 MP: 5/11
  1927 | D:3      | Found a white marble altar of Elyvilon.
  2242 | D:3      | Reached skill level 4 in Earth Magic
  2242 | D:3      | Reached XP level 5. HP: 31/38 MP: 9/12
  2665 | D:4      | Noticed an ogre
  2694 | D:4      | Killed an ogre
  2696 | D:4      | Reached XP level 6. HP: 7/45 MP: 12/14
  3101 | D:4      | Learned a level 3 spell: Stone Arrow
  3107 | D:4      | Learned a level 5 spell: Lee's Rapid Deconstruction
  3110 | D:4      | Found a hazy altar of Hepliaklqana.
  3431 | D:5      | Entered Level 5 of the Dungeon
  3439 | D:5      | Found an iron altar of Okawaru.
  3441 | D:5      | Noticed Prince Ribbit
  3442 | D:5      | Noticed Sigmund
  3457 | D:4      | Killed Prince Ribbit
  3457 | D:4      | Reached skill level 5 in Earth Magic
  3457 | D:4      | Reached XP level 7. HP: 50/50 MP: 12/16
  3635 | D:5      | Killed Sigmund
  3715 | D:5      | Found a stormy altar of Qazlal.
  3846 | D:5      | Noticed Grinder
  3860 | D:5      | Killed Grinder
  3903 | D:5      | Found Seaka's Lightly-Used Armoury.
  3957 | D:5      | Found a staircase to the Ecumenical Temple.
  4428 | D:6      | Reached skill level 5 in Spellcasting
  4465 | D:6      | Reached skill level 6 in Earth Magic
  4465 | D:6      | Reached XP level 8. HP: 45/57 MP: 10/19
  4661 | D:6      | Learned a level 4 spell: Petrify
  5049 | D:6      | Noticed Menkaure
  5055 | D:6      | Reached skill level 5 in Shields
  5058 | D:6      | Killed Menkaure
  5546 | D:6      | Found a basalt altar of Yredelemnul.
  5613 | D:6      | Reached skill level 7 in Earth Magic
  5863 | D:7      | Found Gemyek's Antique Weapon Shoppe.
  5998 | D:7      | Reached XP level 9. HP: 61/62 MP: 22/22
  6225 | D:7      | Found Luzes's Armour Boutique.
  6234 | D:7      | Bought a +0 helmet of intelligence for 161 gold pieces
  6279 | D:7      | Reached skill level 8 in Earth Magic
  6544 | D:7      | Found Vaaton's Distillery.
  6552 | D:7      | Bought a potion of ambrosia for 104 gold pieces
  6552 | D:7      | Bought 2 potions of curing for 78 gold pieces
  6748 | D:7      | Reached XP level 10. HP: 53/69 MP: 22/25
  6823 | D:7      | Found Diruedee's Gadget Shop.
  7454 | D:8      | Reached skill level 9 in Earth Magic
  7490 | D:8      | Found Taisho's Armour Emporium.
  7619 | D:8      | Found a shattered altar of Ashenzari.
  7875 | D:8      | Found Rozxopluj's Book Emporium.
  8236 | D:8      | Found Quokaiso's Food Emporium.
  8906 | D:9      | Found a staircase to the Orcish Mines.
  8967 | D:9      | Noticed a centaur warrior
  8987 | D:9      | Killed a centaur warrior
  9243 | D:9      | Found a bloodstained altar of Trog.
  9917 | D:10     | Entered Level 10 of the Dungeon
  9932 | D:10     | Reached XP level 11. HP: 66/74 MP: 12/28
 10108 | D:10     | Reached skill level 10 in Earth Magic
 10326 | D:10     | Found a staircase to the Lair.
 10744 | D:10     | Noticed a two-headed ogre
 10748 | D:10     | Killed a two-headed ogre
 10972 | D:11     | Noticed Snorg
 10990 | D:11     | Killed Snorg
 11554 | D:11     | Noticed Maurice
 11559 | D:11     | Killed Maurice
 11559 | D:11     | Reached skill level 10 in Shields
 12542 | D:12     | Reached skill level 10 in Spellcasting
 12542 | D:12     | Reached skill level 11 in Earth Magic
 12775 | D:12     | Found the +3 giant club "Skullcrusher" {speed, Str+7}
 12840 | D:12     | Reached XP level 12. HP: 68/81 MP: 20/30
 14056 | D:13     | Noticed a vault guard
 14067 | D:13     | Killed a vault guard
 14078 | D:13     | Found a portal to a secret trove of treasure.
 14186 | D:13     | Noticed a centaur warrior
 14189 | D:13     | Killed a centaur warrior
 14498 | D:14     | Reached skill level 12 in Earth Magic
 14926 | Lair:1   | Entered Level 1 of the Lair of Beasts
 15457 | Lair:1   | Noticed Joseph
 15459 | Lair:1   | Killed Joseph
 15780 | Lair:2   | Reached XP level 13. HP: 67/86 MP: 14/33
 17933 | Lair:4   | Reached skill level 13 in Earth Magic
 18033 | Lair:4   | Found a staircase to the Shoals.
 18485 | Lair:4   | Found a hole to the Spider Nest.
 18886 | Lair:4   | Got an ichor-stained plate armour
 18901 | Lair:5   | Found a gate leading to a gauntlet.
 18914 | Gauntlet | Entered a Gauntlet
 18914 | Gauntlet | Found a transporter.
 18914 | Gauntlet | Found a transporter.
 18918 | Gauntlet | Found a transporter.
 18920 | Gauntlet | Found a transporter.
 18931 | Gauntlet | Found a transporter.
 18943 | Gauntlet | Found a transporter.
 18954 | Gauntlet | Found a transporter.
 18968 | Gauntlet | Found a transporter.
 18976 | Gauntlet | Found a transporter.
 18994 | Gauntlet | Found a transporter.
 19036 | Gauntlet | Found a transporter.
 19044 | Gauntlet | Noticed an entropy weaver
 19046 | Gauntlet | Found a transporter.
 19202 | Gauntlet | Killed an entropy weaver
 19212 | Gauntlet | Got a sparkling marble ring
 19255 | Gauntlet | Identified the ring "Peow" {*Tele rF+} (You found it in a
                  | Gauntlet)
 19289 | Gauntlet | Noticed a minotaur
 19294 | Gauntlet | Killed a minotaur
 19500 | Lair:5   | Found a staircase to the Slime Pits.
 19886 | Lair:5   | Learned a level 6 spell: Iron Shot
 20252 | Lair:5   | Identified the +4 plate armour of the Dungeon {rCorr} (You
                  | found it on level 4 of the Lair of Beasts)
 20280 | Lair:6   | Entered Level 6 of the Lair of Beasts
 20299 | Lair:6   | Reached XP level 14. HP: 90/93 MP: 26/35
 21160 | Lair:6   | Paralysed by a hornet for 3 turns
 21265 | Lair:6   | Reached skill level 14 in Earth Magic
 21673 | Lair:6   | Got a crude amethyst amulet
 21680 | Lair:6   | Got a jewelled great sword
 21698 | Lair:6   | Identified the amulet "Uti Quuc" {RegenMP Str+3} (You found
                  | it on level 6 of the Lair of Beasts)
 22242 | Orc:1    | Entered Level 1 of the Orcish Mines
 22440 | Orc:2    | Entered Level 2 of the Orcish Mines
 22595 | Orc:2    | Found a roughly hewn altar of Beogh.
 22794 | Orc:1    | Found a bloodstained altar of Trog.
 22931 | Orc:2    | Found a staircase to the Elven Halls.
 22997 | Orc:2    | Paralysed by an orc sorcerer for 5 turns
 23481 | Orc:2    | Paralysed by an orc sorcerer for 5 turns
 24228 | Orc:2    | Found Ogihe's Food Emporium.
 24228 | Orc:2    | Found Voilabb's Gadget Boutique.
 24230 | Orc:2    | Found Ineh's Distillery.
 24230 | Orc:2    | Found Plog's Food Emporium.
 24299 | Orc:2    | Found a bloodstained altar of Trog.
 24690 | D:14     | Reached XP level 15. HP: 73/99 MP: 22/37
 24842 | D:14     | Identified Roxanne's Catalogue of Transformation
 24842 | D:14     | Noticed Roxanne
 24846 | D:14     | Killed Roxanne
 25134 | D:14     | Found a glowing golden altar of the Shining One.
 25453 | D:14     | Reached skill level 15 in Earth Magic
 25672 | D:14     | Found Vywasoar's Gadget Shoppe.
 25942 | D:14     | Found a gate to the Vaults.
 26049 | D:15     | Entered Level 15 of the Dungeon
 26182 | D:15     | Found a glowing silver altar of Zin.
 26296 | D:15     | Noticed Josephine
 26304 | D:15     | Killed Josephine
 26426 | D:15     | Found a frozen archway.
 26439 | IceCv    | Entered an ice cave
 26808 | IceCv    | Reached skill level 15 in Shields
 27064 | IceCv    | Found the +8 Wrath of Trog {antimagic, *Rage}
 27098 | IceCv    | Identified the +7 great sword "Kyenwa Xidu" {elec, rF+ MR+}
                  | (You found it on level 6 of the Lair of Beasts)
 27646 | D:15     | Found a runed translucent door.
 27963 | D:15     | Found a staircase to the Depths.
 28030 | D:15     | Noticed a storm dragon
 28037 | D:15     | Noticed a tengu reaver
 28041 | D:15     | Killed a tengu reaver
 28041 | D:15     | Killed a storm dragon
 28422 | Elf:1    | Entered Level 1 of the Elven Halls
 28636 | Elf:1    | Reached XP level 16. HP: 105/105 MP: 29/40
 28894 | Elf:1    | Noticed Donald
 28905 | Elf:1    | Killed Donald
 29148 | Elf:1    | Reached skill level 16 in Earth Magic
 29631 | Elf:1    | HP: 4/105 [fire elemental[a deep elf mage] (8)]
 29632 | Elf:1    | Slain by a fire elemental

Levels and vault maps discovered:
D:1:      saegor_arrival_simple_c, layout_basic, minmay_tetromino_i2
D:2:      layout_rooms, first_ration, minmay_misc_feat_hallway, uniq_jessica
D:3:      layout_rooms, elyvilon_altar_1, st_stairs_7, feat_on_display
D:4:      layout_loops_ring, lemuel_doored_altar
D:5:      layout_layer_cave, nicolae_qazlal_general_emergency,
          okawaru_metal_pillars_1_2, minmay_temple_entry_wispy,
          minmay_shop_damaged, uniq_sigmund, uniq_grinder, uniq_prince_ribbit1
D:6:      layout_basic, yredelemnul_altar_generic, kennysheep_generic_room_3,
          uniq_menkaure
D:7:      layout_loops_ring, serial_shops, nicolae_shop_behind_doors,
          nicolae_shop_behind_doors, nicolae_shop_behind_doors, shop,
          grunt_livestock, minmay_ruffians
D:8:      layout_rooms, nicolae_overflow_crystal_walls, serial_shops,
          shop_fountains, nicolae_shop_crystal, shop,
          minmay_fractal_squares_diagonal_5
D:9:      cheibrodos_two_vegetables, layout_irregular_city,
          lemuel_coloured_pillars_altar, david_orc_2
D:10:     layout_roguey, erik_lair_island
D:11:     layout_basic, uniq_maurice, uniq_snorg
D:12:     layout_long_grid, minmay_guarded_unrand_skullcrusher
D:13:     layout_roguey, enter_trove_5, roderic_lattice_a
D:14:     layout_gridville, grunt_vaults_entry_tiered,
          nicolae_tso_carved_into_rock, kennysheep_small_circle, uniq_roxanne
D:15:     grunt_enter_depths_magical_seal, layout_basic,
          portal_ice_cave_entry_ice_beasts, basic_altar, minivault_23,
          minivault_13, uniq_josephine
Lair:1:   layout_regular_city, serial_bayou_pond_d, uniq_joseph
Lair:2:   layout_misc_corridors, beast_lair_carwin_2, minmay_lair_oklob_chamber
Lair:3:   layout_hall_layers, wad_woods_03, lemuel_fruit_tree,
          grunt_megastairs_3
Lair:4:   layout_regular_city, minmay_shoals_entry_centaurs,
          spider_nest_entry_web_field, infiniplex_staircase_pool_2
Lair:5:   layout_cave_pods, minmay_slime_entry_pillars, gauntlet_entry_generic
Lair:6:   gammafunk_lair_ancient_temple, layout_cave_pods
Orc:1:    layout_caves, basic_altar
Orc:2:    grunt_orc_tribal_feast, layout_diamond_mine, basic_altar, trog_book
Elf:1:    minmay_elf_arrival_summoners, layout_gridlike,
          hangedman_elven_crosses_minicolossus, nemelex_altar_shiori,
          grunt_megastairs_2, uniq_donald

Skill      XL: |  1  2  3  4  5  6  7  8  9 10 11 12 13 14 15 16 |
---------------+-------------------------------------------------+-----
Spellcasting   | 2 3 4 5 6 7 8 10 11 12 13 14 | 14.8
Earth Magic    | 3 4 5 6 7 8 9 11 12 13 14 15 16 | 16.0
Shields        | 1 2 3 4 6 7 9 10 11 13 14 15 | 15.7
Dodging        | |  1.7
Stealth        | |  1.7
Transmutations | |  0.8

Action                   |  1- 3 |  4- 6 |  7- 9 | 10-12 | 13-15 | 16-18 || total
-------------------------+-------+-------+-------+-------+-------+-------++-------
Melee: Unarmed           |    45 |    41 |    59 |    46 |       |       ||   191
       Staff             |       |       |       |   135 |   125 |     2 ||   262
 Cast: Sandblast         |    63 |    53 |   190 |   249 |   313 |    14 ||   882
       Lee's Rapid Decon |       |       |       |    93 |   240 |    41 ||   374
       Stone Arrow       |       |       |       |    89 |   193 |    11 ||   293
       Petrify           |       |       |       |     3 |     3 |       ||     6
       Iron Shot         |       |       |       |       |     2 |       ||     2
Evoke: Wand              |       |       |    21 |    59 |    53 |     3 ||   136
       Phantom mirror    |       |       |       |     1 |       |       ||     1
       Lightning rod     |       |       |       |       |    14 |       ||    14
       Box of beasts     |       |       |       |       |     1 |       ||     1
  Use: Scroll            |       |    11 |       |    18 |     8 |     1 ||    38
       Potion            |       |     5 |     1 |       |       |     2 ||     8
 Stab: Sleeping          |       |       |     1 |       |     1 |       ||     2
       Paralysed         |       |       |       |    10 |       |       ||    10
  Eat: Chunk             |     2 |     6 |    10 |    33 |    42 |     3 ||    96
       Ration            |       |       |       |     2 |       |       ||     2
Armor: Robe              |    14 |     9 |    27 |    43 |       |       ||    93
       Skin              |       |    14 |     4 |       |       |       ||    18
       Troll leather arm |       |       |       |    73 |   182 |       ||   255
       Storm dragon scal |       |       |       |       |     3 |    11 ||    14
Dodge: Dodged            |    53 |    41 |    56 |   120 |   180 |     5 ||   455
Block: Large shield      |       |       |    66 |   403 |   178 |       ||   647
       Shield            |       |       |       |       |   191 |    12 ||   203
